 Dungeon Crawl Stone Soup version 0.28-a0-674-gdaf460b524 (webtiles) character file.

Game seed: 17668794630748737653

2 flotson the Sneak (level 1, -4/18 HPs)
             Began as a Demonspawn Delver on Oct 17, 2021.
             Killed from afar by Dowan (5 damage)
             ... with a puff of flame
             ... on level 4 of the Dungeon.
             The game lasted 00:01:47 (263 turns).

flotson the Sneak (Demonspawn Delver)                Turns: 263, Time: 00:01:48

Health: -4/18      AC:  3    Str: 12    XL:     1   Next: 25%
Magic:  1/1        EV:  8    Int: 11    God:
Gold:   24         SH:  7    Dex: 14    Spells: 0/0 levels left

rFire   . . .      SeeInvis .   h - +0 war axe
rCold   . . .      Faith    .   a - +0 kite shield
rNeg    . . .      Spirit   .   b - +0 leather armour
rPois   .          Reflect  .   (no helmet)
rElec   .          Harm     .   (no cloak)
rCorr   .          Rampage  .   (no gloves)
Will    .....                   (no boots)
Stlth   ++........              (no amulet)
HPRegen 0.06/turn               (no ring)
MPRegen 0.07/turn               (no ring)

@: hasted, very quick
A: no striking features
a: no special abilities


You were on level 4 of the Dungeon.
You visited 1 branch of the dungeon, and saw 2 of its levels.

You collected 24 gold pieces.

Inventory:

Hand Weapons
 h - a +0 war axe (weapon)
Armour
 a - a +0 kite shield (worn)
 b - a +0 leather armour (worn)
Wands
 g - a wand of digging (3)
Scrolls
 c - a scroll of fog


   Skills:
 + Level 3.0 Fighting
 + Level 1.7 Axes
 + Level 0.1 Armour
 + Level 1.8 Dodging
 - Level 4.5 Stealth
 + Level 0.0 Shields
 + Level 0.1 Evocations


You couldn't memorise any spells.
You didn't know any spells.
Your spell library was empty.

Dungeon Overview and Level Annotations

Branches:
Dungeon (5/15)             Temple (0/1) D:4

Altars:

Annotations:
D:4 Dowan


Message History

There is a stone staircase leading down here.
You climb downwards.
There is a stone staircase leading up here.
There is a stone staircase leading up here.
You climb upwards.
Found a fizzy clear potion and 2 red potions.
There is a stone staircase leading down here.
Found a scroll labelled BENYJO LAFIREM.
An adder comes into view.
Okay, then.
You feel yourself speed up.
You barely miss the adder. The adder bites you.
You miss the adder. The adder barely misses you. The adder closely misses you.
You miss the adder. The adder bites you.
You miss the adder. The adder bites you. You block the adder's attack.
You barely miss the adder. The adder closely misses you.
You miss the adder. The adder barely misses you. The adder bites you.
* * * LOW HITPOINT WARNING * * *
You are poisoned.
The adder poisons you!
As you read the scroll of fear, it crumbles to dust.
You assume a fearsome visage.
The adder looks frightened!
* * * LOW HITPOINT WARNING * * *
You feel sick.
As you read the scroll of magic mapping, it crumbles to dust.
You feel aware of your surroundings.
You sensed 1 shop/portal.
* * * LOW HITPOINT WARNING * * *
You feel sick.
Found a scimitar.
Found a stone staircase leading up.
* * * LOW HITPOINT WARNING * * *
You feel sick.
* * * LOW HITPOINT WARNING * * *
You feel sick.
You are no longer poisoned.
An adder and Dowan come into view.
Dowan is wielding a +4 dagger of venom.
Dowan shouts!
You hear a shout!
Dowan gestures at you while chanting. The puff of flame hits you.
You die...

#***,,,,,,,,*,**,,*,*,,**,*,,,,,,
# **,,,*,.....#*,e...*#.,*,,,,,,
## *,,,**......##.⌠.##..#*,,,,,,
.##**,,,,.,#.....#...#...#,,,,,,,
..,,,,,,,..#..............,,,,,,,
.*,,#,,,,,................,,,,,,,
##..##,,,,,*#..............**,,,,
O....#,,,..##..........#..****,,,
...##..,,......<@....#**.## *,,,
...#*,,,,##.........####..###*,,,
.....,,,**####.......##..S..,,,,,
.......,,* #....^...#..#**,**,,
.......,,*** #....##....#* ****,,
.......,,,,**#....S##...# *,*,,,
....###*,,,,,#....#*###.# *,,,,,
,,******,,,,,#...####.#.###*,,,,,
,,****,,,,,,,#...**#......##.***,


You could see Dowan and an adder (asleep).

Vanquished Creatures
  An orc (D:5)
1 creature vanquished.

Notes
Turn   | Place    | Note
-------+----------+-------------------------------------------
     0 | D:5      | flotson the Demonspawn Delver began the quest for the Orb.
     0 | D:5      | Reached XP level 1. HP: 18/18 MP: 1/1
   225 | D:4      | Noticed an ogre
   262 | D:4      | Noticed Dowan
   263 | D:4      | Killed from afar by Dowan

Illustrated notes

Levels and vault maps discovered:
D:4:      layout_cave_pools, minmay_temple_entry_waves, serial_shops, shop,
          uniq_duvessa
D:5:      layout_loops_ring

Action                   || total
-------------------------++-------
Melee: Hand axe          ||     6
       War axe           ||     6
  Use: Scroll            ||     2
       Potion            ||     1
Armor: Leather armour    ||     1
Dodge: Dodged            ||     7
Block: Kite shield       ||     1

Table legend: (Time is in decaauts)
 A = Elapsed time spent in this place.
 B = Non-inter-level travel time spent in this place.
 C = Inter-level travel time spent in this place.
 D = Time resting spent in this place.
 E = Time spent auto-exploring this place.
 F = Levels seen in this place.
 G = Mean time per level.
                   A        B        C        D        E       F      G
               +--------+--------+--------+--------+--------+-----+--------+
         Total |    261 |    261 |      0 |      0 |    151 |   2 |  130.5 |
       Dungeon |    261 |    261 |      0 |      0 |    151 |   2 |  130.5 |
               +--------+--------+--------+--------+--------+-----+--------+

Top non-repeatable levels by time:
     D:5: 230 daAuts
     D:4: 31 daAuts
